[ PARTIDA AOE2 · #477088488 ]
UnrankedHunos vs Sicilians
Equipo del jugador · DERR
Equipo rival · VICT
[ ANÁLISIS DE REPETICIÓN · EXTRAÍDO DE LA PARTIDA GRABADA ]
Feudal
—
Castillos
—
Imperial
—
| APM promedio | 68.6 |
| APM pico | 112 |
| eAPM promedio | 36.9 |
| Aldeanos / militares | 196 / 375 |
Foco
⚔️ 48.5% · 🌾 51.5%
Skirmisher ×109 · Knight ×96 · Cavalry Archer ×68 · Scout Cavalry ×59 · Archer ×15 · Battering Ram ×13
Feudal
9:15
Castillos
25:00
Imperial
43:45
| APM promedio | 71.3 |
| APM pico | 134 |
| eAPM promedio | 38.2 |
| Aldeanos / militares | 212 / 396 |
Foco
⚔️ 44.8% · 🌾 55.2%
Spearman ×162 · Archer ×91 · Skirmisher ×64 · Serjeant ×36 · Battering Ram ×17 · Trebuchet (Packed) ×10
Mapa de la partida
Recursos iniciales + cada clic de construcción. Líneas = muros · curvas = relieve. ◆ oro · ⬟ piedra · ● bayas · ✦ reliquia · ◌ hueco del cierre
Tu base· Abierta — el rival se encerró
Base de Torpedo· ✓ Cerrada en 25:00 · 34t muro · sin puerta
Terreno inicial suavizado · ◌ = hueco del cierre detectado · pasá el cursor para detalles
Inputs por minuto
— RuFF Holland - - Torpedo
Build order — RuFF Holland
Primeras 150 de 763 acciones detectadas
| 0:00 | Crear | Villager (Male) |
| 0:01 | Crear | Villager (Male) |
| 0:01 | Crear | Villager (Male) |
| 0:10 | Crear | Villager (Male) |
| 1:17 | Crear | Villager (Male) |
| 1:50 | Crear | Villager (Male) |
| 2:12 | Construir | Lumber Camp |
| 2:14 | Crear | Villager (Male) |
| 2:48 | Crear | Villager (Male) |
| 2:51 | Crear | Villager (Male) |
| 3:15 | Crear | Villager (Male) |
| 3:57 | Crear | Villager (Male) |
| 4:20 | Crear | Villager (Male) |
| 4:53 | Crear | Villager (Male) |
| 4:54 | Crear | Villager (Male) |
| 5:10 | Crear | Villager (Male) |
| 5:17 | Construir | Barracks |
| 5:34 | Crear | Villager (Male) |
| 6:33 | Construir | Mill |
| 6:39 | Investigar | Loom |
| 6:58 | Investigar | Feudal Age |
| 7:09 | Crear | Militia |
| 7:31 | Construir | Mining Camp |
| 7:31 | Crear | Militia |
| 8:54 | Crear | Villager (Male) |
| 9:19 | Investigar | Man-at-Arms (upgrade) |
| 9:26 | Construir | Archery Range |
| 9:42 | Crear | Villager (Male) |
| 9:45 | Investigar | Double-Bit Axe |
| 9:46 | Crear | Villager (Male) |
| 10:13 | Crear | Villager (Male) |
| 10:33 | Construir | Blacksmith |
| 10:37 | Crear | Archer |
| 10:40 | Crear | Villager (Male) |
| 11:02 | Crear | Archer |
| 11:10 | Crear | Spearman |
| 11:23 | Crear | Villager (Male) |
| 11:25 | Crear | Archer |
| 11:25 | Crear | Spearman |
| 11:52 | Crear | Spearman |
| 11:54 | Crear | Archer |
| 11:56 | Investigar | Fletching |
| 11:56 | Crear | Villager (Male) |
| 11:58 | Construir | Farm |
| 11:59 | Construir | Farm |
| 12:17 | Crear | Villager (Male) |
| 12:18 | Construir | Farm |
| 12:30 | Crear | Archer |
| 12:44 | Crear | Villager (Male) |
| 12:46 | Construir | Farm |
| 13:00 | Crear | Villager (Male) |
| 13:03 | Construir | Farm |
| 13:06 | Crear | Archer |
| 13:20 | Crear | Spearman |
| 13:25 | Construir | Palisade Wall |
| 13:32 | Construir | Palisade Wall |
| 13:34 | Construir | Palisade Wall |
| 13:54 | Crear | Archer |
| 14:15 | Crear | Villager (Male) |
| 14:18 | Crear | Archer |
| 14:30 | Crear | Villager (Male) |
| 14:35 | Construir | Farm |
| 14:36 | Construir | Farm |
| 14:37 | Crear | Villager (Male) |
| 14:44 | Crear | Villager (Male) |
| 14:55 | Crear | Archer |
| 14:57 | Crear | Spearman |
| 14:59 | Construir | Palisade Wall |
| 15:34 | Crear | Villager (Male) |
| 15:38 | Crear | Archer |
| 15:43 | Construir | Farm |
| 15:44 | Construir | Farm |
| 15:46 | Construir | Farm |
| 15:47 | Construir | Farm |
| 15:47 | Crear | Villager (Male) |
| 15:50 | Construir | Stable |
| 16:01 | Construir | Farm |
| 16:17 | Crear | Archer |
| 16:21 | Construir | Farm |
| 16:21 | Crear | Villager (Male) |
| 16:32 | Construir | Palisade Wall |
| 16:37 | Crear | Scout Cavalry |
| 16:38 | Crear | Villager (Male) |
| 16:38 | Crear | Archer |
| 16:57 | Crear | Scout Cavalry |
| 17:19 | Crear | Scout Cavalry |
| 17:27 | Crear | Villager (Male) |
| 17:33 | Crear | Villager (Male) |
| 17:43 | Crear | Archer |
| 17:44 | Crear | Villager (Male) |
| 17:47 | Construir | Farm |
| 17:48 | Construir | Farm |
| 17:49 | Construir | Farm |
| 17:51 | Construir | Farm |
| 17:53 | Construir | Farm |
| 17:53 | Crear | Villager (Male) |
| 18:03 | Crear | Scout Cavalry |
| 18:06 | Crear | Scout Cavalry |
| 18:20 | Crear | Archer |
| 18:24 | Crear | Villager (Male) |
| 18:31 | Construir | Farm |
| 19:05 | Crear | Villager (Male) |
| 19:09 | Construir | Farm |
| 19:31 | Crear | Villager (Male) |
| 19:32 | Crear | Villager (Male) |
| 20:14 | Construir | Archery Range |
| 20:27 | Construir | Mining Camp |
| 20:28 | Investigar | Castle Age |
| 20:33 | Crear | Archer |
| 20:48 | Construir | Lumber Camp |
| 21:00 | Construir | Palisade Wall |
| 21:03 | Construir | Palisade Wall |
| 21:14 | Investigar | Bloodlines |
| 21:40 | Investigar | Gold Mining |
| 21:41 | Investigar | Padded Archer Armor |
| 21:45 | Crear | Spearman |
| 22:25 | Construir | Palisade Wall |
| 22:32 | Construir | Stable |
| 22:33 | Crear | Villager (Male) |
| 22:52 | Construir | Palisade Wall |
| 22:54 | Construir | Palisade Wall |
| 23:03 | Crear | Villager (Male) |
| 23:09 | Construir | Palisade Wall |
| 23:10 | Crear | Knight |
| 23:12 | Crear | Knight |
| 23:20 | Construir | Town Center |
| 23:20 | Crear | Villager (Male) |
| 23:49 | Crear | Knight |
| 23:49 | Crear | Knight |
| 23:51 | Construir | Farm |
| 23:52 | Construir | Farm |
| 24:04 | Crear | Knight |
| 24:05 | Crear | Villager (Male) |
| 24:06 | Construir | Farm |
| 24:25 | Crear | Villager (Male) |
| 24:29 | Construir | Farm |
| 24:39 | Crear | Knight |
| 25:03 | Construir | Palisade Wall |
| 25:04 | Construir | Palisade Wall |
| 25:05 | Crear | Villager (Male) |
| 25:14 | Construir | Palisade Wall |
| 25:24 | Construir | Farm |
| 25:25 | Construir | Farm |
| 25:32 | Crear | Villager (Male) |
| 25:34 | Construir | Farm |
| 25:38 | Crear | Villager (Male) |
| 25:41 | Crear | Cavalry Archer |
| 25:41 | Crear | Cavalry Archer |
| 25:41 | Crear | Cavalry Archer |
| 25:46 | Construir | Archery Range |
Build order — Torpedo
Primeras 150 de 831 acciones detectadas
| 0:00 | Crear | Villager (Male) |
| 0:00 | Crear | Villager (Male) |
| 0:01 | Crear | Villager (Male) |
| 0:02 | Construir | House |
| 0:02 | Construir | House |
| 0:13 | Crear | Villager (Male) |
| 1:29 | Crear | Villager (Male) |
| 1:30 | Crear | Villager (Male) |
| 1:49 | Crear | Villager (Male) |
| 2:05 | Crear | Villager (Male) |
| 2:30 | Crear | Villager (Male) |
| 2:59 | Crear | Villager (Male) |
| 3:00 | Crear | Villager (Male) |
| 3:33 | Crear | Villager (Male) |
| 3:33 | Crear | Villager (Male) |
| 3:53 | Construir | Palisade Wall |
| 3:54 | Construir | House |
| 4:15 | Crear | Villager (Male) |
| 4:16 | Crear | Villager (Male) |
| 4:38 | Crear | Villager (Male) |
| 4:38 | Crear | Villager (Male) |
| 4:40 | Construir | House |
| 4:47 | Crear | Villager (Male) |
| 5:03 | Construir | Lumber Camp |
| 5:20 | Construir | Mill |
| 5:35 | Investigar | Loom |
| 5:36 | Crear | Villager (Male) |
| 5:37 | Investigar | Loom |
| 6:46 | Investigar | Feudal Age |
| 7:02 | Crear | Villager (Male) |
| 7:11 | Construir | Palisade Wall |
| 7:13 | Construir | Palisade Gate |
| 7:23 | Construir | Donjon |
| 8:10 | Crear | Villager (Male) |
| 8:13 | Construir | House |
| 8:13 | Construir | House |
| 9:15 | Edad | Edad Feudal |
| 9:19 | Construir | Stable |
| 9:22 | Investigar | Double-Bit Axe |
| 9:23 | Investigar | Horse Collar |
| 9:24 | Crear | Villager (Male) |
| 9:27 | Crear | Serjeant |
| 9:28 | Crear | Serjeant |
| 9:44 | Construir | House |
| 9:47 | Construir | Palisade Wall |
| 9:51 | Construir | Palisade Wall |
| 9:52 | Construir | Palisade Wall |
| 9:55 | Construir | Palisade Wall |
| 10:06 | Crear | Scout Cavalry |
| 10:07 | Crear | Scout Cavalry |
| 10:21 | Crear | Villager (Male) |
| 10:22 | Crear | Villager (Male) |
| 10:24 | Construir | Lumber Camp |
| 10:42 | Crear | Villager (Male) |
| 10:42 | Crear | Villager (Male) |
| 10:44 | Construir | Farm |
| 10:58 | Crear | Villager (Male) |
| 11:00 | Construir | Farm |
| 11:02 | Construir | Farm |
| 11:32 | Construir | Farm |
| 11:33 | Construir | Farm |
| 11:34 | Crear | Villager (Male) |
| 11:34 | Crear | Villager (Male) |
| 11:56 | Construir | Farm |
| 11:56 | Construir | Farm |
| 11:57 | Construir | Farm |
| 11:58 | Crear | Villager (Male) |
| 11:58 | Crear | Villager (Male) |
| 12:12 | Construir | Farm |
| 12:21 | Crear | Villager (Male) |
| 12:30 | Construir | Archery Range |
| 12:39 | Crear | Villager (Male) |
| 12:55 | Construir | Mining Camp |
| 13:06 | Crear | Villager (Male) |
| 13:11 | Construir | House |
| 13:13 | Construir | Palisade Wall |
| 13:14 | Crear | Villager (Male) |
| 13:19 | Construir | Farm |
| 13:21 | Crear | Skirmisher |
| 13:30 | Crear | Skirmisher |
| 13:30 | Crear | Skirmisher |
| 13:38 | Crear | Villager (Male) |
| 13:42 | Construir | House |
| 13:42 | Construir | House |
| 13:50 | Construir | House |
| 13:51 | Construir | House |
| 13:53 | Construir | House |
| 14:08 | Crear | Villager (Male) |
| 14:22 | Crear | Villager (Male) |
| 14:29 | Crear | Skirmisher |
| 14:30 | Crear | Skirmisher |
| 14:37 | Crear | Villager (Male) |
| 14:37 | Crear | Villager (Male) |
| 14:40 | Construir | Farm |
| 14:43 | Construir | House |
| 14:55 | Construir | House |
| 15:36 | Construir | Blacksmith |
| 15:38 | Crear | Villager (Male) |
| 15:40 | Crear | Scout Cavalry |
| 15:41 | Crear | Scout Cavalry |
| 15:45 | Construir | Farm |
| 15:46 | Crear | Villager (Male) |
| 15:50 | Construir | House |
| 16:08 | Investigar | Fletching |
| 16:12 | Construir | Farm |
| 16:20 | Crear | Villager (Male) |
| 16:23 | Crear | Archer |
| 16:24 | Crear | Archer |
| 16:31 | Construir | Farm |
| 16:32 | Crear | Villager (Male) |
| 16:32 | Crear | Villager (Male) |
| 16:48 | Construir | House |
| 16:48 | Construir | House |
| 16:59 | Construir | Farm |
| 16:59 | Crear | Villager (Male) |
| 17:03 | Construir | House |
| 17:06 | Crear | Scout Cavalry |
| 17:07 | Crear | Archer |
| 17:08 | Crear | Villager (Male) |
| 17:41 | Investigar | Padded Archer Armor |
| 17:41 | Investigar | Padded Archer Armor |
| 17:42 | Crear | Villager (Male) |
| 17:42 | Crear | Villager (Male) |
| 17:44 | Construir | Farm |
| 17:46 | Construir | Farm |
| 17:54 | Crear | Villager (Male) |
| 18:01 | Crear | Skirmisher |
| 18:02 | Crear | Skirmisher |
| 18:08 | Construir | Archery Range |
| 18:12 | Crear | Skirmisher |
| 18:32 | Crear | Villager (Male) |
| 18:45 | Crear | Villager (Male) |
| 19:04 | Crear | Archer |
| 19:04 | Crear | Skirmisher |
| 19:04 | Crear | Skirmisher |
| 19:06 | Crear | Archer |
| 19:07 | Crear | Archer |
| 19:14 | Crear | Scout Cavalry |
| 19:14 | Crear | Scout Cavalry |
| 19:14 | Crear | Scout Cavalry |
| 19:33 | Crear | Archer |
| 19:43 | Crear | Villager (Male) |
| 19:43 | Crear | Villager (Male) |
| 20:07 | Crear | Archer |
| 20:07 | Crear | Archer |
| 20:10 | Crear | Villager (Male) |
| 20:10 | Crear | Villager (Male) |
| 20:27 | Construir | Market |
| 20:35 | Construir | House |
| 20:55 | Crear | Villager (Male) |
Cronología de la partida
| 3:53 | Torpedo · wall_segment Palisade Wall x4 |
| 5:17 | RuFF Holland · first_building Barracks |
| 7:11 | Torpedo · wall_segment Palisade Wall x11 |
| 7:23 | Torpedo · first_building Donjon |
| 9:15 | Torpedo · age_up feudal |
| 9:19 | Torpedo · first_building Stable |
| 9:26 | RuFF Holland · first_building Archery Range |
| 9:47 | Torpedo · wall_segment Palisade Wall x5 |
| 9:51 | Torpedo · wall_segment Palisade Wall x1 |
| 9:52 | Torpedo · wall_segment Palisade Wall x1 |
| 9:55 | Torpedo · wall_segment Palisade Wall x1 |
| 12:30 | Torpedo · first_building Archery Range |
| 13:13 | Torpedo · wall_segment Palisade Wall x11 |
| 13:25 | RuFF Holland · wall_segment Palisade Wall x7 |
| 13:32 | RuFF Holland · wall_segment Palisade Wall x7 |
| 13:34 | RuFF Holland · wall_segment Palisade Wall x1 |
| 14:59 | RuFF Holland · wall_segment Palisade Wall x6 |
| 15:50 | RuFF Holland · first_building Stable |
| 16:32 | RuFF Holland · wall_segment Palisade Wall x4 |
| 21:00 | RuFF Holland · wall_segment Palisade Wall x2 |
| 21:03 | RuFF Holland · wall_segment Palisade Wall x5 |
| 21:07 | Torpedo · first_market_sell 500 wood |
| 21:08 | Torpedo · first_market_buy 500 food |
| 22:25 | RuFF Holland · wall_segment Palisade Wall x2 |
| 22:52 | RuFF Holland · wall_segment Palisade Wall x3 |
| 22:54 | RuFF Holland · wall_segment Palisade Wall x4 |
| 23:09 | RuFF Holland · wall_segment Palisade Wall x2 |
| 25:00 | Torpedo · age_up castle |
| 25:03 | RuFF Holland · wall_segment Palisade Wall x1 |
| 25:04 | RuFF Holland · wall_segment Palisade Wall x1 |
| 25:14 | RuFF Holland · wall_segment Palisade Wall x1 |
| 26:58 | RuFF Holland · first_building Monastery |
| 27:04 | Torpedo · wall_segment Palisade Wall x1 |
| 27:58 | Torpedo · first_building Monastery |
| 33:00 | Torpedo · first_building Castle |
| 34:03 | RuFF Holland · first_market_buy 100 stone |
| 39:19 | Torpedo · first_building Siege Workshop |
| 39:30 | RuFF Holland · first_building Siege Workshop |
| 39:44 | Torpedo · first_building Barracks |
| 39:55 | RuFF Holland · first_market_sell 100 food |
| 43:45 | Torpedo · age_up imperial |
| 44:24 | RuFF Holland · first_building Castle |
| 58:54 | RuFF Holland · resign |
[ ANÁLISIS IA · 1 CRÉDITO ]
¿Qué pasó realmente en esta partida?
Wolo.gg analiza cada decisión: build order, eco, micro, errores típicos por bracket. Análisis personalizado por WhatsApp o Discord en 30 segundos.
Guía civ
Hunos
Perfil
Jugador #267402